 Dungeon Crawl Stone Soup version 0.28-a0-1235-g7c8fac35f0 (webtiles) character file.

Game seed: 14487984351041363253

49683 browni3141 the Convoker (level 14, 0/60 HPs)
             Began as a Felid Summoner on Dec 24, 2021.
             Was an Initiate of Gozag.
             Succumbed to a naga ritualist's toxic radiance
             ... on level 2 of the Snake Pit.
             The game lasted 01:58:33 (42214 turns).

browni3141 the Convoker (Felid Summoner)           Turns: 42214, Time: 01:58:34

Health: 0/60       AC:  3    Str:  4    XL:     14   Next: 16%
Magic:  14/28      EV: 23    Int: 27    God:    Gozag
Gold:   3193       SH:  5    Dex: 17    Spells: 0/31 levels left
                                        Lives:  0   Deaths: 4

rFire   + . .      SeeInvis +   (weapon unavailable)
rCold   + + .      Faith    .   (shield unavailable)
rNeg    . . .      Spirit   .   (armour unavailable)
rPois   .          Reflect  +   (helmet unavailable)
rElec   +          Harm     .   (cloak unavailable)
rCorr   +          Rampage  .   (gloves unavailable)
Will    ++...                   (boots unavailable)
Stlth   +++++.....              Q - amulet of reflection
HPRegen 0.20/turn               v - ring of wizardry
MPRegen 0.21/turn               I - +6 ring of intelligence

@: lethally poisoned (0 -> -5), resistant, poison vulnerable, gold aura, on
berserk cooldown, slowed, slow
A: very small, claws 1, fangs 3, see invisible, speed 1, shaggy fur 3, stealthy
paws, no weapons or thrown items, no armour, multi-lived
a: Renounce Religion, Potion Petition, Call Merchant, Bribe Branch


You were on level 2 of the Snake Pit.
You worshipped Gozag.
Gozag was most pleased with you.
You visited 6 branches of the dungeon, and saw 24 of its levels.
You also visited: Ice Cave and Volcano.

You collected 6589 gold pieces.
You spent 3298 gold pieces at shops.
You paid 98 gold pieces to Gozag.

Inventory:

Jewellery
 f - an amulet of guardian spirit
 i - an amulet of magic regeneration
 s - a ring of ice
 v - a ring of wizardry (left paw)
 y - a +6 ring of strength
 I - a +6 ring of intelligence (right paw)
 J - a +4 ring of protection
 N - a ring of resist corrosion
 O - a ring of poison resistance
 P - a ring of willpower
 Q - an amulet of reflection (around neck)
 S - the ring "Taigoiq" {Will- MP+9 Int+5}
   (You acquired it on level 1 of the Snake Pit)

   [ring of magical power]

   Int:       It affects your intelligence (+5).
   MP:        It affects your magic capacity (+9).
   Will:      It decreases your willpower.
Wands
 o - a wand of acid (1)
 p - a wand of flame (33)
 G - a wand of iceblast (16)
 L - a wand of charming (8)
 M - a wand of mindburst (8)
Scrolls
 a - 4 scrolls of summoning
 b - 6 scrolls of blinking
 c - 4 scrolls of silence
 d - 6 scrolls of immolation
 e - 7 scrolls of teleportation
 h - 8 scrolls of fog
 m - 3 scrolls of torment
 n - 2 scrolls of vulnerability
 r - 4 scrolls of amnesia
 t - 3 scrolls of noise
 u - 5 scrolls of magic mapping
 B - a scroll of enchant armour
 E - a scroll of brand weapon
 F - 3 scrolls of fear
 R - a scroll of enchant weapon
Potions
 g - a potion of might
 j - a potion of cancellation
 k - 2 potions of flight
 l - 3 potions of attraction
 q - 2 potions of brilliance
 w - a potion of invisibility
 z - a potion of resistance
 H - a potion of haste {unknown}
 K - 2 potions of lignification {unknown}
Miscellaneous
 D - a box of beasts


   Skills:
 + Level 6.8 Fighting
 + Level 9.5 Dodging
 + Level 10.3 Stealth
 + Level 9.4 Spellcasting
 - Level 12.1 Hexes
 * Level 16.8 Summonings
 - Level 12.1 Translocations
 - Level 4.2 Ice Magic
 * Level 12.0 Evocations


You couldn't memorise any spells.
You knew the following spells:

 Your Spells              Type           Power      Damage    Failure   Level
a - Summon Small Mammal   Summ           100%       N/A       0%          1
b - Call Imp              Summ           80%        N/A       0%          2
c - Call Canine Familiar  Summ           80%        N/A       0%          3
d - Summon Guardian Gole  Hex/Summ       74%        N/A       1%          3
e - Blink                 Tloc           100%       N/A       1%          2
f - Summon Ice Beast      Ice/Summ       62%        N/A       1%          4
g - Summon Mana Viper     Hex/Summ       74%        N/A       1%          5
h - Summon Lightning Spi  Summ/Air       55%        N/A       1%          4
i - Monstrous Menagerie   Summ           40%        N/A       1%          7

Your spell library contained the following spells:

 Spells                   Type           Power      Damage    Failure   Level
 Apportation              Tloc           100%       N/A       1%          1
 Lesser Beckoning         Tloc           68%        N/A       1%          3
 Manifold Assault         Tloc           68%        N/A       1%          5
 Summon Cactus Giant      Summ           40%        N/A       1%          6
 Summon Hydra             Summ           40%        N/A       1%          7
 Corpse Rot               Necr/Air       24%        N/A       2%          2
 Poisonous Vapours        Pois/Air       24%        N/A       2%          2
 Hailstorm                Conj/Ice       24%        3d7       8%          4
 Ice Form                 Ice/Tmut       24%        N/A       8%          4
 Dispel Undead            Necr           12%        3d9       17%         4
 Alistair's Intoxication  Tmut/Pois      8%         N/A       43%         5
 Spellforged Servitor     Conj/Summ      27%        N/A       43%         7
 Simulacrum               Ice/Necr       12%        N/A       71%         6
 Death Channel            Necr           6%         N/A       93%         6
 Orb of Destruction       Conj           6%         9d3       100%        7
 Borgnjor's Revivificati  Necr           6%         N/A       100%        8
 Necromutation            Tmut/Necr      6%         N/A       100%        8
 Death's Door             Necr           6%         N/A       100%        9


Dungeon Overview and Level Annotations

Branches:
Dungeon (12/15)            Temple (1/1) D:7            Lair (6/6) D:11
 Shoals (0/4) Lair:2        Snake (2/4) Lair:3        Slime (1/5) Lair:6
    Orc (2/2) D:9             Elf (0/3) Orc:2         IceCv (visited)
Volcano (visited)

Altars:
Ashenzari
Cheibriados
Dithmenos
Elyvilon
Fedhas
Gozag
Hepliaklqana
Kikubaaqudgha
Makhleb
Nemelex Xobeh
Okawaru
Qazlal
Ru
Sif Muna
Trog
Uskayaw
Vehumet
Wu Jian
Xom
Yredelemnul
Zin
The Shining One
Beogh

Shops:
D:5 ((=(   Orc:2 =*([*   Snake:1 *


Innate Abilities, Weirdness & Mutations

You have sharp claws.
You have razor-sharp teeth.
You have supernaturally acute eyesight. (SInv)
You cover ground quickly. (Speed+)
Your thick and shaggy fur keeps you warm. (AC +3, rC+)
Your paws help you pounce on unaware monsters.
You are incapable of wielding weapons or throwing items.
You cannot wear armour.
You gain extra lives every three experience levels.


Message History

Okay, then.
You feel protected.
* * * LOW HITPOINT WARNING * * *
You feel very sick.
The black mamba bites your lightning spire.
Your lightning spire shoots out a bolt of lightning at the black mamba!
The bolt of electricity hits the black mamba.
The black mamba bites your lightning spire.
* * * LOW HITPOINT WARNING * * *
You feel very sick.
The black mamba bites your lightning spire!
Your lightning spire shoots out a bolt of lightning at the black mamba!
The bolt of electricity hits the black mamba!!
The black mamba dies!
* * * LOW HITPOINT WARNING * * *
You feel very sick.
* * * LOW HITPOINT WARNING * * *
You feel sick.
* * * LOW HITPOINT WARNING * * *
You feel sick.
A red film seems to cover your vision as you go berserk!
You feel yourself moving faster!
You feel mighty!
* * * LOW HITPOINT WARNING * * *
You feel very sick.
You are too berserk!
You are too berserk!
Okay, then.
You feel a strong urge to attack something.
* * * LOW HITPOINT WARNING * * *
You feel sick.
There is an open door here.
* * * LOW HITPOINT WARNING * * *
You feel sick.
You feel your anger nearly subside.
You are too berserk!
You are no longer berserk.
You are exhausted.
You feel yourself slow down.
You die...
Your body crumbles into a pile of gold.

#....<.............#...######.###
#.#.#.#..).#####................
#.#.#.#....#####...#....#####..#
#.#.#.#....................##..
#.#.#.#....#####...#.##.##.##.#
#.#.#.#...######...#.##.##.##.#.#
........................)........
..............^..................
#.#####..######.@..#######.##....
.<# #..# #........# #.##.##. ###
#..# #..........#.##.# . #..#
##'#.#######.##.# #..# #.#[#
#.##.# ..#######9#.### #.# .#
.............#####.##.
.#######.....8..$.....
#.#..$H$.......


You could see a friendly guardian golem (summoned).

Vanquished Creatures
  Josephine (D:11)
  A catoblepas (Lair:3)
  A death yak (Lair:6)
  Nergalle (D:10)
  A lindwurm (Lair:6)
  An orc sorcerer (Orc:1)
  A cane toad (Lair:6)
  A kobold demonologist (D:10)
  A komodo dragon (D:10)
  A troll (D:9)
  A wraith (D:11)
  A yak (D:9)
  2 orc warriors
  A hornet zombie (D:5)
  A wolf (Lair:2)
  A centaur (D:8)
  A bullfrog (Lair:5)
  A wyvern zombie (D:8)
  A killer bee (D:8)
  A howler monkey (D:3)
  A bullfrog zombie (D:6)
  3 orc priests
  A gnoll (D:3)
  5 orcs
  4 endoplasms
  3 giant cockroaches
  3 goblins
  2 hobgoblins (D:2)
  5 ball pythons
  2 bats (D:3)
  A frilled lizard (D:1)
  2 kobolds (D:9)
  2 rats
55 creatures vanquished.

Vanquished Creatures (collateral kills)
  Gastronok (Lair:1)
  2 orc warlords
  A dire elephant (Lair:6)
  A boulder beetle (D:11)
  6 hydras
  Harold (D:11)
  A naga warrior (Snake:1)
  2 anacondas (Snake:2)
  2 two-headed ogres (D:11)
  A shock serpent (Snake:2)
  20 death yaks
  An orc high priest (Orc:2)
  2 naga sharpshooters (Snake:1)
  A skeletal warrior (D:11)
  2 naga ritualists (Snake:2)
  2 lindwurms (Lair:6)
  3 orc sorcerers (Orc:2)
  A mana viper (Snake:2)
  A cyclops (Orc:1)
  A salamander (Snake:1)
  An elephant (Lair:6)
  A merfolk siren (Lair:2)
  13 black mambas
  10 cane toads
  2 torpor snails (Lair:6)
  A naga mage (Snake:2)
  Joseph (D:7)
  8 komodo dragons
  3 rime drakes
  An ice devil (Lair:2)
  A red devil (Volcano)
  5 trolls
  5 polar bears
  6 blink frogs
  5 slime creatures
  12 dream sheep (Lair:6)
  A shadow (D:11)
  5 wraiths
  4 wyverns
  24 yaks
  4 basilisks
  3 vampire mosquitoes
  2 wargs
  19 nagas
  18 water moccasins
  A sky beast (D:5)
  26 orc warriors
  4 black bears
  An ice beast (D:7)
  2 ogres
  6 necrophages
  2 centaurs
  30 wolves
  2 kobold brigands
  A phantom (D:5)
  9 bullfrogs
  A scorpion (D:6)
  A wyvern zombie (D:5)
  2 jellies
  6 killer bees
  An elephant simulacrum (IceCv)
  An electric eel (Lair:1)
  A howler monkey (D:9)
  A crimson imp (D:8)
  A bullfrog zombie (D:6)
  25 orc priests
  A centaur zombie (D:4)
  A gnoll shaman (D:9)
  A bullfrog skeleton (D:6)
  2 centaur skeletons
  Terence (D:2)
  14 orc wizards
  A polar bear simulacrum (Lair:2)
  A wolf simulacrum (Lair:2)
  A killer bee zombie (D:7)
  A hound zombie (D:5)
  4 howler monkey zombies
  Robin (D:4)
  7 gnolls
  6 adders
  2 naga simulacra (IceCv)
  A shadow imp (D:4)
  2 white imps
  2 ufetubi
  2 worms
  4 dart slugs
  63 orcs
  5 ball pythons
  3 bats (D:1)
  8 endoplasms
  13 goblins
  4 hobgoblins
  4 jackals
  2 quokkas (D:1)
  3 frilled lizards
  15 kobolds
  5 rats
511 creatures vanquished.

Vanquished Creatures (others)
  A hydra (Lair:3)
  A boulder beetle (D:11)
  5 death yaks
  2 two-headed ogres
  Urug (Lair:3)
  A naga sharpshooter (Snake:1)
  3 skeletal warriors (D:11)
  Pikel (D:5)
  An ugly thing (D:11)
  An elephant (Lair:6)
  A cane toad (Lair:6)
  An ice devil (IceCv)
  2 komodo dragons
  2 trolls (D:7)
  A slime creature (D:12)
  2 vampires
  8 yaks
  A wyvern (D:9)
  2 wraiths (D:11)
  An acid dragon (D:11)
  3 water moccasins (D:7)
  2 ice beasts
  3 orc warriors
  A black bear (D:6)
  2 ogres
  A kobold brigand (D:9)
  2 lemures (D:5)
  A wyvern zombie (D:7)
  11 killer bees
  A howler monkey (D:8)
  A jelly (D:7)
  A gnoll shaman (D:7)
  An iguana (D:7)
  5 gnolls
  3 orcs (D:7)
  42 fungi
  40 plants
158 creatures vanquished.

Grand Total: 724 creatures vanquished

Notes
Turn   | Place    | Note
-------+----------+-------------------------------------------
     0 | D:1      | browni3141 the Felid Summoner began the quest for the Orb.
     0 | D:1      | Reached XP level 1. HP: 7/7 MP: 4/4
   306 | D:1      | Reached XP level 2. HP: 2/11 MP: 4/6
   507 | D:1      | Found a faded altar of an unknown god.
   716 | D:1      | Learned a level 2 spell: Call Imp
  1048 | D:1      | Reached XP level 3. HP: 14/14 MP: 4/7
  2262 | D:2      | Reached XP level 4. HP: 18/18 MP: 9/9
  2331 | D:2      | Found a hide-covered altar of Uskayaw.
  2429 | D:2      | Noticed Terence
  2435 | D:2      | Learned a level 3 spell: Call Canine Familiar
  2448 | D:2      | Killed Terence
  2449 | D:2      | Reached skill level 5 in Summonings
  3226 | D:3      | Reached XP level 5. HP: 13/21 MP: 0/10
  3616 | D:4      | Noticed Robin
  3848 | D:4      | Noticed a necrophage
  3861 | D:4      | Killed a necrophage
  3862 | D:4      | Reached skill level 6 in Summonings
  3862 | D:4      | Gained mutation: You are covered in thick fur. (AC +2)
                  | [Felid growth]
  3862 | D:4      | Reached XP level 6. HP: 22/24 MP: 5/12
  4195 | D:4      | Killed Robin
  4913 | D:5      | Entered Level 5 of the Dungeon
  4931 | D:5      | Learned a level 3 spell: Summon Guardian Golem
  4934 | D:5      | Learned a level 2 spell: Blink
  4969 | D:5      | Reached skill level 1 in Hexes
  4969 | D:5      | Reached skill level 1 in Translocations
  5140 | D:5      | Found Yseppib's Antique Weapon Shop.
  5153 | D:5      | Found Soxait's Weapon Emporium.
  5177 | D:5      | Found Zutaunty's Jewellery Shoppe.
  5190 | D:5      | Noticed a sky beast
  5825 | D:3      | Reached skill level 7 in Summonings
  5825 | D:3      | Reached XP level 7. HP: 21/27 MP: 8/13
  6762 | D:5      | Found Rabrugg's Weapon Shoppe.
  6773 | D:5      | Noticed Pikel
  6982 | D:5      | Killed Pikel
  6983 | D:5      | Reached skill level 8 in Summonings
  6983 | D:5      | Reached XP level 8. HP: 19/31 MP: 5/14
  7751 | D:6      | Reached skill level 5 in Translocations
  7954 | D:6      | Reached skill level 5 in Hexes
  8521 | D:6      | Reached skill level 9 in Summonings
  8601 | D:6      | Found a broken altar of Ashenzari.
  8701 | D:6      | Found a large runed translucent door.
  8730 | D:6      | Found a large runed translucent door.
  9036 | D:6      | Found a hazy altar of Hepliaklqana.
  9046 | D:6      | Found a white marble altar of Elyvilon.
  9187 | D:7      | Reached XP level 9. HP: 31/34 MP: 7/15
  9276 | D:7      | Found a staircase to the Ecumenical Temple.
  9547 | D:7      | Reached skill level 10 in Summonings
  9623 | D:7      | Noticed Joseph
  9788 | D:7      | Noticed a komodo dragon
  9899 | D:7      | Noticed a troll
  9919 | D:7      | Killed a troll
  9932 | Temple   | Entered the Ecumenical Temple
 10061 | Temple   | Became a worshipper of Gozag Ym Sagoz the Greedy
 10320 | D:7      | Killed a komodo dragon
 10433 | D:7      | Reached skill level 11 in Summonings
 10465 | D:7      | Noticed a troll
 10500 | D:7      | Killed a troll
 11121 | D:8      | Reached XP level 10. HP: 28/37 MP: 7/17
 11651 | D:8      | Found a bloodstained altar of Trog.
 12048 | D:8      | Learned a level 4 spell: Summon Ice Beast
 12729 | D:8      | Found a blossoming altar of Fedhas.
 12729 | D:8      | Found a burning altar of Makhleb.
 12901 | D:8      | Identified the +3 leather armour of the Pits of Slime {Fly
                  | Stlth+}
 13372 | D:8      | Reached skill level 1 in Evocations
 14198 | D:8      | HP: 1/37 [poisoned by a killer bee]
 14199 | D:8      | Succumbed to a killer bee's poison
 14200 | D:8      | Reached XP level 9. HP: 0/34 MP: 1/16
 14377 | D:8      | HP: 1/34 [killer bee (1)]
 14378 | D:8      | Succumbed to a killer bee's poison
 14379 | D:8      | Reached XP level 8. HP: -1/31 MP: 8/15
 15076 | D:9      | Reached XP level 9. HP: 34/34 MP: 7/17
 15083 | D:9      | Reached skill level 12 in Summonings
 15212 | D:9      | Found a staircase to the Orcish Mines.
 15338 | D:9      | Reached skill level 10 in Hexes
 15422 | D:9      | Noticed a troll
 15458 | D:9      | Killed a troll
 15459 | D:9      | Reached skill level 5 in Spellcasting
 15459 | D:9      | Reached skill level 10 in Translocations
 15909 | D:10     | Entered Level 10 of the Dungeon
 15969 | D:10     | Noticed a kobold demonologist
 15983 | D:10     | Noticed a soul eater
 15984 | D:10     | Noticed a sun demon
 16132 | D:10     | Noticed an ice devil
 16137 | D:10     | Killed a kobold demonologist
 16317 | D:10     | Noticed Nergalle
 16332 | D:10     | Killed Nergalle
 16333 | D:10     | Reached skill level 1 in Ice Magic
 16333 | D:10     | Reached XP level 10. HP: 8/37 MP: 3/18
 16921 | D:10     | Noticed a two-headed ogre
 16937 | D:10     | Killed a two-headed ogre
 17048 | D:10     | Found a stormy altar of Qazlal.
 17232 | D:11     | Noticed a two-headed ogre
 17259 | D:11     | Killed a two-headed ogre
 17260 | D:11     | Reached skill level 5 in Evocations
 17277 | D:11     | Noticed a boulder beetle
 17310 | D:11     | Killed a boulder beetle
 17415 | D:11     | Noticed a death yak
 17435 | D:11     | Killed a death yak
 17441 | D:11     | Noticed a death yak
 17447 | D:11     | Noticed a death yak
 17451 | D:11     | Killed a death yak
 17458 | D:11     | Killed a death yak
 17459 | D:11     | Reached skill level 13 in Summonings
 17459 | D:11     | Reached XP level 11. HP: 6/40 MP: 0/20
 17810 | D:11     | Found a staircase to the Lair.
 17815 | D:11     | Noticed a two-headed ogre
 17862 | D:11     | Killed a two-headed ogre
 18160 | D:11     | Noticed a two-headed ogre
 18179 | D:11     | Killed a two-headed ogre
 18342 | D:11     | Noticed a white ugly thing
 18360 | D:11     | Killed a white ugly thing
 18599 | D:11     | Noticed a skeletal warrior
 18667 | D:11     | Killed a skeletal warrior
 18810 | D:11     | Noticed a skeletal warrior
 18825 | D:11     | Noticed a skeletal warrior
 18839 | D:11     | Noticed a skeletal warrior
 18885 | D:11     | Killed a skeletal warrior
 18897 | D:11     | Killed a skeletal warrior
 18916 | D:11     | Killed a skeletal warrior
 19150 | D:11     | Noticed Harold
 19181 | D:11     | Noticed Josephine
 19633 | D:11     | Killed Harold
 19925 | D:12     | Noticed a four-headed hydra
 20023 | D:11     | Learned a level 5 spell: Summon Mana Viper
 20055 | D:11     | Killed from afar by Josephine
 20056 | D:11     | Reached XP level 10. HP: -8/33 MP: 0/21
 20085 | D:11     | Killed Josephine
 20086 | D:11     | Reached skill level 14 in Summonings
 20086 | D:11     | Reached XP level 11. HP: 41/41 MP: 22/22
 20261 | Lair:1   | Entered Level 1 of the Lair of Beasts
 20261 | Lair:1   | Found a gate leading to a gauntlet.
 20358 | D:11     | Reached skill level 1 in Fighting
 20782 | Lair:1   | Noticed Gastronok
 20984 | Lair:1   | Killed Gastronok
 21420 | Lair:1   | Noticed a five-headed hydra
 21430 | Lair:1   | Killed a five-headed hydra
 22288 | Lair:2   | Noticed a death yak
 22296 | Lair:2   | Noticed a death yak
 22296 | Lair:2   | Noticed a death yak
 22299 | Lair:2   | Killed a death yak
 22645 | Lair:2   | Found a frozen archway.
 22718 | Lair:2   | Reached skill level 5 in Stealth
 22767 | IceCv    | Entered an ice cave
 23250 | Lair:2   | Reached skill level 5 in Dodging
 23250 | Lair:2   | Gained mutation: Your thick and shaggy fur keeps you warm.
                  | (AC +3, rC+) [Felid growth]
 23250 | Lair:2   | Reached XP level 12. HP: 48/48 MP: 12/23
 23604 | Lair:2   | Found a staircase to the Shoals.
 23738 | Lair:2   | Killed a death yak
 23763 | Lair:2   | Killed a death yak
 24562 | D:5      | Bought a +4 ring of protection for 540 gold pieces
 24701 | D:7      | Killed Joseph
 25098 | Lair:3   | Found a white marble altar of Elyvilon.
 25120 | Lair:3   | Noticed a death yak
 25124 | Lair:3   | Noticed a catoblepas
 25126 | Lair:3   | Noticed a death yak
 25126 | Lair:3   | Noticed a death yak
 25127 | Lair:3   | Noticed a death yak
 25163 | Lair:2   | Killed a death yak
 25278 | Lair:3   | Noticed a death yak
 25278 | Lair:3   | Noticed a death yak
 25278 | Lair:3   | Noticed a death yak
 25301 | Lair:2   | Killed a death yak
 25405 | Lair:2   | Killed a death yak
 25446 | Lair:2   | Killed a death yak
 26073 | Lair:3   | Noticed a four-headed hydra
 26089 | Lair:3   | Killed a four-headed hydra
 26233 | Lair:3   | Learned a level 4 spell: Summon Lightning Spire
 26281 | Lair:3   | Noticed Urug
 26301 | Lair:3   | Killed Urug
 26414 | Lair:3   | You fall into a shaft and drop 1 floor!
 26452 | Lair:4   | Reached skill level 15 in Summonings
 26562 | Lair:4   | Noticed an eight-headed hydra
 26572 | Lair:4   | Killed an eight-headed hydra
 27207 | Lair:4   | Reached XP level 13. HP: 52/52 MP: 10/25
 28755 | Lair:3   | Found a staircase to the Snake Pit.
 29431 | Lair:5   | Found a dark tunnel.
 29483 | Volcano  | Entered a volcano
 30169 | Lair:5   | Reached skill level 5 in Fighting
 31085 | Lair:6   | Entered Level 6 of the Lair of Beasts
 31227 | Lair:6   | Found a staircase to the Slime Pits.
 31434 | Lair:6   | Reached skill level 10 in Evocations
 32271 | Lair:6   | Reached XP level 14. HP: 58/58 MP: 17/27
 32732 | Lair:6   | Reached skill level 16 in Summonings
 34633 | Slime:1  | Entered Level 1 of the Pits of Slime
 34633 | Slime:1  | Noticed a quicksilver ooze
 34633 | Slime:1  | Noticed an acid blob
 34794 | Orc:1    | Entered Level 1 of the Orcish Mines
 35046 | Orc:1    | Noticed an orc warlord
 35100 | Orc:1    | Killed an orc warlord
 35710 | Orc:2    | Entered Level 2 of the Orcish Mines
 35752 | Orc:2    | Found Geerhoipt's CLEARANCE SALE!.
 35756 | Orc:2    | Identified 2 scrolls of acquirement
 36736 | Orc:2    | Found a staircase to the Elven Halls.
 37187 | Orc:2    | Found Rexkar's Jewellery Boutique.
 37676 | Orc:2    | Noticed an orc warlord
 37687 | Orc:2    | Killed an orc warlord
 37892 | Orc:2    | Found Atzie's Antique Weapon Emporium.
 37947 | Orc:2    | Found Nulucs's Antique Armour Shoppe.
 38044 | Orc:2    | Found Gineojun's General Store.
 38052 | Orc:2    | Bought a wand of iceblast (7) for 143 gold pieces
 38052 | Orc:2    | Bought a scroll of magic mapping for 45 gold pieces
 38052 | Orc:2    | Bought a scroll of noise for 13 gold pieces
 38052 | Orc:2    | Bought a scroll of identify for 26 gold pieces
 38212 | Orc:2    | Bought a scroll of identify for 10 gold pieces
 38212 | Orc:2    | Bought a box of beasts for 200 gold pieces
 38280 | Orc:2    | Bought a ring of wizardry for 480 gold pieces
 38280 | Orc:2    | Bought a ring of resist corrosion for 320 gold pieces
 38280 | Orc:2    | Bought a ring of poison resistance for 320 gold pieces
 38280 | Orc:2    | Bought a ring of willpower for 400 gold pieces
 38290 | Orc:2    | Learned a level 7 spell: Monstrous Menagerie
 38839 | Snake:1  | Entered Level 1 of the Snake Pit
 39222 | Snake:1  | HP: 3/60 [naga sharpshooter/bolt (17)]
 39728 | D:5      | Bought an amulet of reflection for 450 gold pieces
 39978 | Snake:1  | Shot with an arrow by a naga sharpshooter
 39979 | Snake:1  | Reached XP level 13. HP: -7/56 MP: 3/27
 39979 | Snake:1  | Found Dymuaskok's Assorted Antiques.
 39982 | Snake:1  | Bought a scroll of fog for 74 gold pieces
 39982 | Snake:1  | Bought a scroll labelled CORGHA YDIARHUPP for 37 gold
                  | pieces
 39982 | Snake:1  | Bought a wand of flame (6) for 37 gold pieces
 39982 | Snake:1  | Bought a scroll of identify for 74 gold pieces
 39982 | Snake:1  | Bought a scroll of magic mapping for 129 gold pieces
 39983 | Snake:1  | Acquired the ring "Taigoiq" {Will- MP+9 Int+5}
 39985 | Snake:1  | Acquired browni3141's Guide on Calling
 40026 | Snake:1  | HP: 1/56 [naga sharpshooter/arrow (21)]
 40030 | Snake:1  | Reached skill level 10 in Stealth
 41430 | Snake:2  | Reached XP level 14. HP: 60/60 MP: 18/28
 42209 | Snake:2  | HP: 3/60 [poisoned by a naga ritualist (toxic radiance)]
 42212 | Snake:2  | HP: 1/90 [poisoned by a naga ritualist (toxic radiance)]
 42214 | Snake:2  | Succumbed to a naga ritualist's toxic radiance

Illustrated notes

Levels and vault maps discovered:
D:1:      scummos_arrival_checkerplants, layout_basic,
          hellmonk_ecumenical_altar_blasted
D:2:      layout_basic, basic_altar, uniq_terence
D:3:      layout_rooms
D:4:      layout_cave_pools, uniq_robin
D:5:      layout_basic, serial_shops, kennysheep_mini,
          nicolae_shop_hallway_plus, shop, nicolae_stop_n_shop_1, uniq_pikel
D:6:      layout_basic, overflow_temple_1_default, jmf_multi_god_temple2
D:7:      minmay_the_grid_four_pointed_star
          [minmay_the_grid_triangle_9x9_shrine,
          minmay_the_grid_triangle_9x9_dagger,
          minmay_the_grid_triangle_9x9_corruption,
          minmay_the_grid_triangle_9x9_descending_squares,
          minmay_the_grid_prize_inner_circle], layout_basic,
          minmay_temple_entry_antechambers, uniq_joseph
D:8:      layout_basic, old_standard_altar, gammafunk_temple_overflow_wave,
          st_stairs_9, minmay_fire_ice_demons
D:9:      layout_loops_ring, david_orc_3
D:10:     layout_loops_ring, kennysheep_mini_moat, uniq_nergalle
D:11:     layout_loops_cross, dpeg_lair_monsters, uniq_harold, uniq_josephine
D:12:     layout_loops_ring, minmay_guarded_unrand_vampires_tooth
Temple:   regret_index_temple_waves
Lair:1:   layout_chaotic_city, gauntlet_entry_generic, beast_lair_carwin_6,
          serial_bayou_shore_a, uniq_gastronok
Lair:2:   layout_layer_cave, minmay_shoals_entry_lonely_mermaid,
          portal_ice_cave_entry_ice_simulacra, nicolae_lair_grove_arrangements,
          roderic_carrion_pond, lemuel_fruit_tree, grunt_megastairs_3
Lair:3:   layout_regular_city, minmay_snake_entry_guardpost_medium, basic_altar,
          grunt_forest_large_clearings, uniq_urug
Lair:4:   layout_regular_city, nicolae_lair_lil_pond, beast_lair_carwin_7
Lair:5:   hellmonk_destroyed_diamonds, layout_regular_city,
          nicolae_volcano_entry_two_sided, minmay_stone_trees_medium,
          chequers_serial_rivers_small_3, infiniplex_staircase_pool
Lair:6:   hangedman_lair_in_review, layout_regular_city,
          minmay_slime_entry_pillars
Snake:1:  layout_rooms, serial_shops, shop
Snake:2:  layout_basic, st_stairs_14, minmay_snake_pond
Slime:1:  layout_caves
Orc:1:    layout_diamond_mine, basic_altar
Orc:2:    grunt_orc_community_town_hall, layout_caves,
          grunt_orc_community_big_house_2, grunt_orc_community_big_house_1,
          grunt_orc_community_house_2, grunt_orc_community_house_2,
          grunt_orc_community_house_3, grunt_orc_community_house_3,
          nicolae_shop_clearance

Skill      XL: |  1  2  3  4  5  6  7  8  9 10 11 12 13 14 |
---------------+-------------------------------------------+-----
Stealth        | 3 5 6 10 9 | 10.3
Dodging        | 3 5 6 7 9 |  9.5
Summonings     | 5 6 7 8 9 12 14 15 16 | 16.8
Spellcasting   | 3 5 7 8 9 |  9.4
Hexes          | 1 4 6 10 11 12 | 12.1
Translocations | 1 4 6 10 11 12 | 12.1
Evocations     | 3 4 5 7 8 10 12 | 12.0
Ice Magic      | 1 2 4 |  4.2
Fighting       | 2 4 5 6 |  6.8

Action                   |  1- 3 |  4- 6 |  7- 9 | 10-12 | 13-15 || total
-------------------------+-------+-------+-------+-------+-------++-------
Melee: Unarmed           |    30 |    71 |    72 |   175 |   120 ||   468
       Bite              |     1 |     4 |     9 |    24 |    22 ||    60
 Cast: Summon Small Mamm |    34 |    14 |     6 |     2 |       ||    56
       Call Imp          |    11 |    17 |     8 |     8 |     3 ||    47
       Call Canine Famil |       |    23 |    47 |    74 |    45 ||   189
       Summon Guardian G |       |     2 |    44 |    63 |    20 ||   129
       Blink             |       |     1 |     1 |     4 |    11 ||    17
       Summon Ice Beast  |       |       |     9 |    59 |    67 ||   135
       Summon Mana Viper |       |       |       |    40 |    99 ||   139
       Summon Lightning  |       |       |       |     4 |    62 ||    66
       Monstrous Menager |       |       |       |       |    16 ||    16
Evoke: Wand              |       |       |    15 |    20 |    14 ||    49
  Use: Potion            |       |     2 |     3 |     3 |     4 ||    12
       Scroll            |       |       |     5 |     7 |     9 ||    21
 Stab: Sleeping          |     6 |     3 |     2 |     3 |     2 ||    16
       Distracted        |       |     1 |     2 |     3 |     3 ||     9
       Paralysed         |       |       |       |     4 |       ||     4
Armor: Skin              |     2 |    12 |    11 |    20 |    26 ||    71
Dodge: Dodged            |    31 |   120 |   118 |   278 |   206 ||   753
Block: Other             |       |       |       |       |     2 ||     2
       Reflection        |       |       |       |       |     1 ||     1

Table legend: (Time is in decaauts)
 A = Elapsed time spent in this place.
 B = Non-inter-level travel time spent in this place.
 C = Inter-level travel time spent in this place.
 D = Time resting spent in this place.
 E = Time spent auto-exploring this place.
 F = Levels seen in this place.
 G = Mean time per level.
                   A        B        C        D        E       F      G
               +--------+--------+--------+--------+--------+-----+--------+
         Total |  38641 |  36132 |   2509 |   6650 |  21346 |  26 | 1486.2 |
       Dungeon |  20315 |  18534 |   1781 |   4793 |   9147 |  12 | 1692.9 |
        Temple |    114 |     93 |     21 |      0 |     81 |   1 |  114.0 |
          Lair |  12424 |  11837 |    587 |   1455 |   8164 |   6 | 2070.7 |
     Snake Pit |   2295 |   2280 |     15 |    316 |   1536 |   2 | 1147.5 |
    Slime Pits |      1 |      1 |      0 |      0 |      0 |   1 |    1.0 |
  Orcish Mines |   3223 |   3120 |    103 |     42 |   2302 |   2 | 1611.5 |
      Ice Cave |     88 |     88 |      0 |     34 |      6 |   1 |   88.0 |
       Volcano |    178 |    178 |      0 |     10 |    106 |   1 |  178.0 |
               +--------+--------+--------+--------+--------+-----+--------+

Top non-repeatable levels by time:
     D:8: 3347 daAuts
  Lair:6: 3219 daAuts
    D:11: 3159 daAuts
  Lair:3: 2408 daAuts
   Orc:2: 2289 daAuts
  Lair:2: 2207 daAuts
     D:7: 1882 daAuts
     D:5: 1770 daAuts
    D:10: 1766 daAuts
  Lair:5: 1639 daAuts
  Lair:1: 1605 daAuts
     D:9: 1568 daAuts
     D:3: 1534 daAuts
     D:1: 1533 daAuts
 Snake:1: 1531 daAuts
